 Dungeon Crawl Stone Soup version 0.27.1-34-g3ba077fa99 (webtiles) character file.

Game seed: 9771803982954785228

48 Arum the Shield-Bearer (level 4, -8/36 (37) HPs)
             Began as a Formicid Fighter on Jan 9, 2022.
             Mangled by Crazy Yiuf (19 damage)
             ... on level 2 of the Dungeon.
             The game lasted 00:02:16 (1518 turns).

Arum the Shield-Bearer (Formicid Fighter)           Turns: 1518, Time: 00:02:16

HP:   -8/36 (37)    AC: 10    Str: 22    XL:     4   Next: 0%
MP:   4/4           EV:  9    Int:  7    God:
Gold: 103           SH:  4    Dex: 10    Spells: 3/3 levels left

rFire    . . .     SeeInvis +   k - +2 hand axe (flame)
rCold    . . .     Faith    .   g - +0 buckler
rNeg     . . .     Spirit   .   b - +0 scale mail
rPois    +         Reflect  .   (helmet unavailable)
rElec    .         Harm     .   (no cloak)
rCorr    .         Rampage  .   (no gloves)
Will     .....                  (no boots)
Stlth    ..........             (no amulet)
HPRegen  0.12/turn              i - ring of poison resistance
MPRegen  0.09/turn              o - +4 ring of protection

@: lightly drained
A: permanent stasis, dig shafts and tunnels, antennae 3, four strong arms
a: Dig, Shaft Self


You were on level 2 of the Dungeon.
You visited 1 branch of the dungeon, and saw 2 of its levels.

You collected 103 gold pieces.

Inventory:

Hand Weapons
 a - a +0 war axe
 k - a +2 hand axe of flaming (weapon)
Armour
 b - a +0 scale mail (worn)
 c - a +0 kite shield
 g - a +0 buckler (worn)
Jewellery
 i - a ring of poison resistance (left hand)
 o - a +4 ring of protection (right hand)
Scrolls
 e - 3 scrolls of fog {unknown}
 f - 2 scrolls of silence {unknown}
 j - a scroll of noise {unknown}
 l - a scroll of identify {unknown}
 n - a scroll of amnesia {unknown}
Potions
 d - a potion of might
 h - 2 potions of heal wounds {unknown}
 m - a potion of degeneration {unknown}


   Skills:
 + Level 4.0 Fighting
 + Level 2.8 Axes
 + Level 3.4 Armour
 - Level 4.2 Shields


You had 3 spell levels left.
You didn't know any spells.
Your spell library contained the following spells:

 Spells                   Type           Power      Damage    Failure   Level
 Slow                     Hex            0%         N/A       87%         2
 Static Discharge         Conj/Air       0%         N/A       87%         2
 Confusing Touch          Hex            0%         N/A       98%         3
 Vampiric Draining        Necr           0%         2d6       98%         3
 Dispel Undead            Necr           0%         3d6       100%        4
 Sticky Flame             Conj/Fire      0%         2d3       100%        4


Dungeon Overview and Level Annotations

Branches:
Dungeon (2/15)

Altars:

Annotations:
D:2 Crazy Yiuf


Innate Abilities, Weirdness & Mutations

You cannot be hasted, slowed, berserked, paralysed or teleported.
You can dig through walls and to a lower floor.
You have a pair of large antennae on your head. (SInv)
Your four strong arms can wield two-handed weapons with a shield.


Message History

Found a runed mace and a mace.
You see here a +0 mace.
No reachable target in view!
You see here a +0 mace.
You see here a +0 mace.
Found 2 fuming yellow potions.
You see here a +0 mace.
You see here a +0 mace.
You see here a +0 mace.
You open the door. You closely miss Crazy Yiuf.
Crazy Yiuf hits you with a +2 quarterstaff of chaos.
Crazy Yiuf burns you.
You hit Crazy Yiuf but do no damage.
Crazy Yiuf drinks a potion.
Crazy Yiuf seems to grow stronger.
You slash Crazy Yiuf! You burn Crazy Yiuf.
Crazy Yiuf is heavily wounded.
Crazy Yiuf says, "Trifle infinity cloud!"
Crazy Yiuf hits you with a +2 quarterstaff of chaos.
You resist with some effort.
You hit Crazy Yiuf. You burn Crazy Yiuf.
Crazy Yiuf is severely wounded.
Crazy Yiuf barely misses you.
You closely miss Crazy Yiuf.
Crazy Yiuf is severely wounded.
Crazy Yiuf hits you but does no damage.
You easily resist.
Crazy Yiuf hits you with a +2 quarterstaff of chaos!
You feel drained.
You hit Crazy Yiuf. You burn Crazy Yiuf.
Crazy Yiuf is almost dead.
Crazy Yiuf barely misses you.
You barely miss Crazy Yiuf.
Crazy Yiuf is almost dead.
Crazy Yiuf hits you with a +2 quarterstaff of chaos.
Crazy Yiuf draws strength from your wounds!
You barely miss Crazy Yiuf.
Crazy Yiuf is severely wounded.
Crazy Yiuf hits you with a +2 quarterstaff of chaos!!
Ouch! That really hurt!
You die...

...#..............
#.#.##.........
#.#.##.#.#.####
########.#.....
#.###.## ♣♣♣♣♣###.#
#.# ### ♣♣♣.♣..#.#.#
#.# #)).#♣).♣)......#
#.#
#...g@♣♣♣♣......###.#
#)..#♣♣ ♣♣.#.......#
### ♣♣#########


You could see Crazy Yiuf (strong).

Vanquished Creatures
  A dart slug (D:1)
  2 ball pythons
  5 endoplasms
  3 giant cockroaches (D:1)
  6 hobgoblins
  2 quokkas (D:1)
  4 bats
  3 frilled lizards
  7 goblins
  3 kobolds
  4 rats
40 creatures vanquished.

Vanquished Creatures (others)
  19 plants (D:1)
19 creatures vanquished.

Grand Total: 59 creatures vanquished

Notes
Turn   | Place    | Note
-------+----------+-------------------------------------------
     0 | D:1      | Arum the Formicid Fighter began the quest for the Orb.
     0 | D:1      | Reached XP level 1. HP: 18/18 MP: 1/1
   165 | D:1      | Reached XP level 2. HP: 23/24 MP: 2/2
   335 | D:1      | Reached XP level 3. HP: 27/30 MP: 3/3
   874 | D:1      | Found a faded altar of an unknown god.
  1402 | D:2      | Reached XP level 4. HP: 34/37 MP: 4/4
  1466 | D:2      | Found a runed translucent door.
  1467 | D:2      | Noticed Crazy Yiuf
  1518 | D:2      | Mangled by Crazy Yiuf

Illustrated notes

Levels and vault maps discovered:
D:1:      dpeg_arrival_arbitrary_c, layout_basic, serial_bayou,
          serial_bayou_lagoon_a, serial_bayou_crossing, serial_bayou_lagoon_b,
          serial_bayou_pond_c, ebering_ecumenical_altar_box, nrook_uturn
D:2:      layout_basic, corexii_shack, uniq_crazy_yiuf_cottage

Skill      XL: |  1  2  3 |
---------------+----------+-----
Shields        | 4 |  4.2
Fighting       | 4 |  4.0
Axes           | |  2.8
Armour         | |  3.4

Action                   |  1- 3 |  4- 6 || total
-------------------------+-------+-------++-------
Melee: War axe           |    94 |       ||    94
       Hand axe          |    14 |     8 ||    22
 Abil: Dig               |     1 |       ||     1
Armor: Scale mail        |    44 |     1 ||    45
Dodge: Dodged            |    33 |     2 ||    35
Block: Kite shield       |    33 |       ||    33
       Buckler           |     6 |       ||     6
